 Dungeon Crawl Stone Soup version 0.30-b1-2-g02819fbbbe (webtiles) character file.

Game seed: 12176134621703235441

32 Alarkh the Insei (level 3, -10/29 HPs)
             Began as a Demonspawn Chaos Knight on May 20, 2023.
             Was a Plaything of Xom.
             Killed by divine providence
             ... invoked by an orc priest
              (14 damage)
             ... on level 6 of the Dungeon.
             The game lasted 00:02:38 (1874 turns).

Alarkh the Insei (Demonspawn Chaos Knight)          Turns: 1874, Time: 00:02:39

Health: -10/29     AC:  6    Str: 12    XL:     3   Next: 8%
Magic:  0/3        EV: 11    Int: 15    God:    Xom [....*.]
Gold:   159        SH:  0    Dex: 12    Spells: 2/2 levels left

rFire   . .          .
                       - Unarmed
rCold   . . .        (no shield)
rNeg    . . .        a - +2 leather armour
rPois   .            (no helmet)
rElec   .            j - +0 cloak
rCorr   .            (no gloves)
SInv    .            (no boots)
Will    .....        k - amulet of guardian spirit
Stlth   +            (no ring)
HPRegen 0.24/turn    (no ring)
MPRegen 0.08/turn

%: guardian spirit
@: weak-willed, cleaving
A: demonic guardian 1
a: Renounce Religion


You were on level 6 of the Dungeon.
You worshipped Xom.
You were a beloved toy of Xom.
You visited 1 branch of the dungeon, and saw 4 of its levels.

You collected 159 gold pieces.

Inventory:

Armour
 a - a +2 leather armour (worn)
 j - a +0 cloak (worn)
Jewellery
 h - a ring of ice
 k - an amulet of guardian spirit (around neck)
Wands
 r - a wand of paralysis (7)
Scrolls
 c - 4 scrolls of teleportation
 d - a scroll of vulnerability
 e - a scroll of fear {unknown}
 g - a scroll of magic mapping {unknown}
 i - a scroll of immolation
 l - a scroll of fog
 m - a scroll of summoning {unknown}
 n - a scroll of poison {unknown}
 o - a scroll of noise {unknown}
Potions
 f - a potion of flight
 p - 2 potions of attraction
Miscellaneous
 b - a piece from Xom's chessboard (15/15) (quivered)


   Skills:
 + Level 3.4 Fighting
 - Level 1.7 Armour
 - Level 0.8 Dodging
 * Level 3.5 Unarmed Combat


You had 2 spell levels left.
You didn't know any spells.
Your spell library contained the following spells:

 Spells                   Type           Power      Damage    Failure   Level
 Blink                    Tloc           0%         N/A       45%         2
 Manifold Assault         Tloc           0%         N/A       98%         4
 Storm Form               Tmut/Air       0%         N/A       100%        7


Dungeon Overview and Level Annotations

Branches:
Dungeon (3/15)

Altars:

Shops:
D:1 :


Innate Abilities, Weirdness & Mutations

A weak demonic guardian rushes to your aid.


Message History

You are confused.
Something hits you but does no damage. "This might be better!"
The orc wizard suddenly seems more agile.
You are now a beloved toy of Xom.
The orc priest looks satisfied for a moment.
The orc attacks as you move away! The orc misses you.
Something hits you but does no damage.
You hear some strange, mumbled words.
You are more confused.
You're too confused to move!
The orc hits you with a +0 short sword.
* * * LOW HITPOINT WARNING * * *
You're too confused to move!
Something hits you.
* * * LOW HITPOINT WARNING * * *
A demonic guardian appears!
The orc barely misses you.
You closely miss something. Something hits you but does no damage.
The orc barely misses you.
You closely miss your quasit. Something hits you but does no damage.
The orc barely misses your quasit. The orc attacks as you move away!
The orc hits you but does no damage.
You bump into the rock wall.
Something closely misses your quasit. The orc priest misses you.
The orc priest hits your quasit but does no damage.
The orc wizard misses your quasit. Something hits you.
* * * LOW HITPOINT WARNING * * *
"Go forth and destroy!"
Your hands look sharp.
The orc priest hits your quasit with a +0 hand axe.
The orc wizard closely misses your quasit.
Something barely misses your quasit.
You hit your quasit but do no damage.
Your quasit is moderately wounded.
You feel less confused.
Something hits your quasit but does no damage.
Something barely misses your quasit.
The orc priest mumbles some strange prayers to Beogh against you.
Beogh smites you!
You die...
Xom laughs nastily!

####.§§§### #
+..§.§§§.......
####.§o.....#.#
#oo#§###.#
##o##.# #
#..o..# #..####
#.5# #.@#
#.........
#.######## ..
###


You could see an orc priest, an orc wizard (agile), 2 orcs and a friendly quasit
(summoned).

Vanquished Creatures
  4 ball pythons (D:2)
  3 endoplasms
  3 giant cockroaches
  4 hobgoblins
  4 quokkas (D:2)
  2 bats (D:1)
  4 frilled lizards
  2 rats (D:2)
26 creatures vanquished.

Vanquished Creatures (collateral kills)
  A worm (D:2)
1 creature vanquished.

Grand Total: 27 creatures vanquished

Notes
Turn   | Place    | Note
-------+----------+-------------------------------------------
     0 | D:1      | Alarkh the Demonspawn Chaos Knight began the quest for the
                  | Orb.
     0 | D:1      | Reached XP level 1. HP: 18/18 MP: 1/1
    62 | D:1      | XOM: silly message
   205 | D:1      | XOM: divination: detect creatures
   229 | D:1      | XOM: 1-stop teleportation journey
   663 | D:1      | Found Deytosm's Book Shoppe.
   696 | D:1      | XOM: divination: detect creatures
   854 | D:2      | Gained mutation: A weak demonic guardian rushes to your
                  | aid. [demonic ancestry]
   854 | D:2      | Reached XP level 2. HP: 17/24 MP: 2/2
  1108 | D:2      | XOM: butterfly on damage
  1461 | D:2      | XOM: noise
  1472 | D:2      | Reached XP level 3. HP: 27/29 MP: 1/3
  1811 | D:3      | You fall into a shaft and drop 3 floors!
  1860 | D:6      | XOM: enchant monster (bad)
  1869 | D:6      | XOM: cleaving
  1874 | D:6      | Killed from afar by an orc priest

Illustrated notes

Levels and vault maps discovered:
D:1:      eino_arrival_cavern_a, layout_basic, serial_shops, shop,
          nicolae_eternal_life
D:2:      layout_basic, minmay_fractal_squares_gapless_5
D:3:      layout_rooms
D:6:      layout_loops_corners

Skill      XL: |  1 |
---------------+----+-----
Unarmed Combat | 3 |  3.5
Fighting       | |  3.4
Armour         | |  1.7
Dodging        | |  0.8

Action                     || total
---------------------------++-------
  Melee: Unarmed           ||   115
         Punch             ||     1
    Use: Scroll            ||     4
         Potion            ||     3
 Armour: Leather armour    ||    42
  Dodge: Dodged            ||    53
